 Dungeon Crawl Stone Soup version 0.23.1 (webtiles) character file.

Game seed: 0

26386 Peloso the Carver (level 12, -3/165 HPs)
             Began as a Minotaur Fighter on Mar 2, 2019.
             Was a High Priest of Okawaru.
             Slain by a 17-headed hydra (10 damage)
             ... on level 4 of the Lair of Beasts on Mar 3, 2019.
             The game lasted 00:33:16 (12776 turns).

Peloso the Carver (Minotaur Fighter)               Turns: 12776, Time: 00:33:17

Health: -3/165     AC: 16    Str: 28    XL:     12   Next: 97%
Magic:  5/11       EV: 10    Int:  5    God:    Okawaru [*****.]
Gold:   570        SH: 17    Dex: 13    Spells: 11/11 levels left

rFire    + . .     SeeInvis .   a - +4 long sword (curse)
rCold    + . .     Gourm    .   c - +1 shield
rNeg     . . .     Faith    .   C - +0 plate armour
rPois    +         Spirit   .   (helmet restricted)
rElec    .         Reflect  +   M - scarf {rC+ rF+}
rCorr    .         Harm     .   (no gloves)
MR       .....                  t - +0 pair of boots
Stlth    ..........             K - +2 amulet of reflection
HPRegen  0.37/turn              (no ring)
MPRegen  0.12/turn              e - ring of poison resistance (curse)

@: berserking, very quick
A: retaliatory headbutt, horns 2
a: Heroism, Finesse, Renounce Religion


You were on level 4 of the Lair of Beasts.
You worshipped Okawaru.
Okawaru was extremely pleased with you.
You were not hungry.

You visited 2 branches of the dungeon, and saw 15 of its levels.
You also visited: Sewer.

You collected 732 gold pieces.
You spent 162 gold pieces at shops.

Inventory:

Hand Weapons
 a - a cursed +4 long sword (weapon)
 A - a +1 falchion of holy wrath
 D - the +6 war axe of the Present {chop, rC+ MR+ Int+2 Dex-5, unknown}
   (You found it on level 4 of the Lair of Beasts)

   It inflicts extra damage upon your enemies.
   It affects your intelligence (+2).
   It affects your dexterity (-5).
   It protects you from cold.
   It affects your resistance to hostile enchantments.
 F - a +1 falchion of protection
Armour
 b - a +0 scale mail
 c - a +1 shield (worn)
 t - a +0 pair of boots (worn)
 C - a +0 plate armour (worn)
 M - a scarf of resistance (worn)
Jewellery
 e - a cursed ring of poison resistance (right hand)
 g - an uncursed ring of see invisible
 k - an uncursed amulet of regeneration
 v - an uncursed ring of protection from cold
 w - an uncursed ring of flight
 J - an uncursed ring of protection from cold
 K - a +2 amulet of reflection (around neck)
 N - a +3 ring of protection
Wands
 i - a wand of digging (5)
Scrolls
 j - 6 scrolls of teleportation
 o - a scroll of identify
 q - 2 scrolls of amnesia
 s - a scroll of summoning
 u - 2 scrolls of enchant weapon
 x - a scroll of fog
 y - 3 scrolls of enchant armour
 B - a scroll of vulnerability
 E - 3 scrolls of remove curse
Potions
 d - a potion of might
 h - a potion of haste
 m - 4 potions of flight
 n - 3 potions of heal wounds
 r - 3 potions of curing
 z - a potion of agility
Comestibles
 f - 34 rations


   Skills:
 + Level 11.6 Fighting
 + Level 14.6 Long Blades
 + Level 11.9 Armour
 + Level 5.1 Dodging
 + Level 1.5 Stealth
 + Level 13.3 Shields
 + Level 0.6 Invocations


You had 11 spell levels left.
You didn't know any spells.
Your spell library contained the following spells:

 Spells                   Type           Power        Failure   Level  Hunger
 Summon Butterflies       Summ           #.......     99%         1    ##.....
 Summon Small Mammal      Summ           #...         99%         1    ##.....
 Call Imp                 Summ           #.......     100%        2    ###....
 Call Canine Familiar     Summ           #.......     100%        3    ####...
 Summon Guardian Golem    Hex/Summ       #.......     100%        3    ####...
 Summon Ice Beast         Ice/Summ       #.......     100%        4    #####..
 Summon Lightning Spire   Summ/Air       #.......     100%        4    #####..
 Summon Mana Viper        Hex/Summ       #.......     100%        5    ######.
 Poison Arrow             Conj/Pois      #.........   100%        6    #######
 Summon Hydra             Summ           #.........   100%        7    #######
 Chain Lightning          Conj/Air       #.........   100%        8    #######
 Lehudib's Crystal Spear  Conj/Erth      #.........   100%        8    #######
 Fire Storm               Conj/Fire      #.........   100%        9    #######
 Glaciate                 Conj/Ice       #.........   100%        9    #######


Dungeon Overview and Level Annotations

Branches:
Dungeon (11/15)            Temple (0/1) D:4            Lair (4/6) D:10
  Swamp (0/4) Lair:2       Spider (0/4) Lair:4          Orc (0/2) D:11

Altars:
Gozag
Hepliaklqana
Kikubaaqudgha
Okawaru
Qazlal
Trog
Vehumet
Xom
Zin

Shops:
D:11 *

Annotations:
D:4 3 runed translucent doors, P0WERM0DE's ghost, novice GrCK


Innate Abilities, Weirdness & Mutations

You reflexively headbutt those who attack you in melee.
You have a pair of horns on your head.


Message History

The 15-headed hydra closely misses you.
The 15-headed hydra bites you but does no damage.
The 15-headed hydra barely misses you. The 15-headed hydra bites you.
* * * LOW HITPOINT WARNING * * *
You chop one of the 15-headed hydra's heads off!
The 14-headed hydra grows two more!
You slice the 16-headed hydra!!
The 16-headed hydra is severely wounded.
You feel like a meek peon again.
Unknown command.
You lop one of the 16-headed hydra's heads off!
The 15-headed hydra grows two more!
You slash the 17-headed hydra!
The 17-headed hydra is severely wounded.
You block the 17-headed hydra's attack.
The 17-headed hydra bites you but does no damage.
You block the 17-headed hydra's attack. The 17-headed hydra barely misses you.
The 17-headed hydra bites you.
* * * LOW HITPOINT WARNING * * *
The 17-headed hydra bites you but does no damage.
The 17-headed hydra bites you!
You die...

.. #......#.##.........>.. ..
...#..>......#†#....##...# ...
....................#.#...
..........#.#.......#.....####.##
...#...... ##.............##....
.P......... #...................
.#......# #.##...................
.......# #......#...............
.P.....#. #.##..@........#.......
.......##.. #...D.......##.......
.#........P..#.†...##...##.......
.#<....#....#......#.............
.....P....#.##.#....P...#........
.....#..#.. #........P..#....P..
.#.....##.. #..#........#........
..§..#..... ##...P......##.P#....
§§§§.....................#..#....


You could see a 17-headed hydra.

Vanquished Creatures
  A hydra (Lair:2)
  A two-headed ogre (D:11)
  Nergalle (D:10)
  An unseen horror (D:10)
  A cyclops (D:11)
  7 black mambas
  A centaur zombie (D:10)
  6 elephants (Lair:3)
  7 spiny frogs
  A rime drake (Lair:1)
  A demonic crawler (Lair:4)
  5 komodo dragons
  2 trolls
  3 blink frogs (Lair:2)
  2 bog bodies (Lair:2)
  5 hippogriffs
  16 yaks
  4 wyverns
  Sigmund (D:6)
  2 hungry ghosts
  A basilisk (Lair:1)
  A warg (D:11)
  An acid dragon (D:11)
  12 water moccasins
  6 porcupines
  Purgy (D:3)
  A hornet zombie (D:11)
  A phantom (D:8)
  3 ice beasts
  5 orc warriors
  2 black bears
  An eye of draining (D:11)
  3 wolves (Lair:1)
  4 centaurs
  6 ogres
  8 crocodiles
  4 big kobolds
  13 bullfrogs
  A jelly (D:10)
  A wyvern skeleton (D:10)
  3 scorpions
  A water moccasin skeleton (D:2)
  9 killer bees
  11 wights
  4 howler monkeys
  5 crimson imps
  4 bullfrog zombies
  12 orc priests
  8 hounds
  2 bullfrog skeletons
  A centaur skeleton (D:4)
  11 worker ants
  5 iguanas
  9 orc wizards
  2 hound skeletons (D:9)
  A howler monkey zombie (D:10)
  A worker ant zombie (D:10)
  4 gnolls (D:9)
  4 river rats (Sewer)
  19 adders
  A shadow imp (D:10)
  3 oozes (Sewer)
  An adder skeleton (D:4)
  6 worms
  2 dart slugs
  3 leopard geckos
  37 orcs
  6 giant cockroaches
  7 goblins
  7 hobgoblins
  16 jackals
  7 quokkas
  6 ball pythons
  6 bats (D:1)
  9 frilled lizards
  16 kobolds
  2 quokka skeletons
  10 rats
404 creatures vanquished.

Vanquished Creatures (collateral kills)
  A black mamba (Lair:4)
  A wyvern (Lair:4)
  A water moccasin (Lair:4)
3 creatures vanquished.

Vanquished Creatures (others)
  An orc wizard (D:10)
  A leopard gecko (D:11)
  2 fungi (Lair:3)
  2 plants
6 creatures vanquished.

Grand Total: 413 creatures vanquished

Notes
Turn   | Place    | Note
-------+----------+-------------------------------------------
     0 | D:1      | Peloso the Minotaur Fighter began the quest for the Orb.
     0 | D:1      | Reached XP level 1. HP: 19/19 MP: 0/0
    26 | D:1      | Found an iron altar of Okawaru.
    50 | D:1      | Became a worshipper of Warmaster Okawaru
    58 | D:1      | Reached XP level 2. HP: 26/27 MP: 1/1
   444 | D:1      | Reached XP level 3. HP: 33/33 MP: 2/2
   980 | D:1      | Reached skill level 3 in Long Blades
  1059 | D:2      | Reached skill level 4 in Long Blades
  1059 | D:2      | Reached XP level 4. HP: 25/40 MP: 3/3
  1221 | D:2      | Reached skill level 1 in Dodging
  1565 | D:3      | Noticed Purgy
  1587 | D:3      | Killed Purgy
  1587 | D:3      | Reached * piety under Okawaru
  1587 | D:3      | Reached XP level 5. HP: 34/47 MP: 4/4
  2275 | D:4      | Reached XP level 6. HP: 50/53 MP: 5/5
  2321 | D:4      | Found a glowing drain.
  2339 | Sewer    | Entered a sewer
  2376 | Sewer    | Reached skill level 5 in Long Blades
  2376 | Sewer    | Reached skill level 5 in Armour
  2376 | Sewer    | Reached skill level 5 in Shields
  2595 | Sewer    | Reached ** piety under Okawaru
  2822 | Sewer    | Reached XP level 7. HP: 59/60 MP: 6/6
  2862 | Sewer    | Reached skill level 6 in Long Blades
  3091 | D:4      | Reached skill level 5 in Fighting
  3379 | D:4      | Reached skill level 7 in Long Blades
  3436 | D:4      | Found a runed translucent gate.
  3436 | D:4      | Found a runed translucent gate.
  3436 | D:4      | Found a runed translucent gate.
  3438 | D:4      | Noticed P0WERM0DE's ghost (novice GrCK)
  3439 | D:4      | Identified the +8 short sword "Dajue" {drain, rPois rC-
                  | Dex+6}
  3618 | D:4      | Found a staircase to the Ecumenical Temple.
  3707 | D:5      | Entered Level 5 of the Dungeon
  3773 | D:5      | Reached *** piety under Okawaru
  3773 | D:5      | Reached XP level 8. HP: 68/69 MP: 7/7
  4292 | D:5      | Found a hazy altar of Hepliaklqana.
  4469 | D:6      | Noticed Sigmund
  4485 | D:6      | Killed Sigmund
  4587 | D:6      | Reached skill level 8 in Long Blades
  5482 | D:7      | Reached **** piety under Okawaru
  5482 | D:7      | Reached XP level 9. HP: 76/78 MP: 8/8
  5525 | D:7      | Found a stormy altar of Qazlal.
  5737 | D:7      | Reached skill level 1 in Stealth
  5907 | D:8      | Reached skill level 9 in Long Blades
  6015 | D:8      | Found a bloodstained altar of Trog.
  6102 | D:8      | Reached skill level 10 in Long Blades
  6181 | D:8      | Reached ***** piety under Okawaru
  6302 | D:8      | Received a gift from Okawaru
  6320 | D:8      | Reached XP level 10. HP: 79/86 MP: 9/9
  6790 | D:9      | Reached skill level 11 in Long Blades
  6971 | D:9      | Found an ancient bone altar of Kikubaaqudgha.
  6986 | D:9      | Found a shimmering altar of Xom.
  7219 | D:9      | Found a radiant altar of Vehumet.
  7221 | D:9      | Found an opulent altar of Gozag.
  7287 | D:10     | Entered Level 10 of the Dungeon
  7324 | D:10     | Found a staircase to the Lair.
  7409 | D:10     | Noticed an unseen horror
  7423 | D:10     | Killed an unseen horror
  7431 | D:10     | Noticed Nergalle
  7468 | D:10     | Killed Nergalle
  7468 | D:10     | Received a gift from Okawaru
  7574 | D:10     | Reached skill level 10 in Shields
  7770 | D:10     | Reached skill level 12 in Long Blades
  8086 | D:10     | Reached XP level 11. HP: 97/97 MP: 10/10
  8528 | D:11     | Noticed a two-headed ogre
  8547 | D:11     | HP: 1/97 [two-headed ogre/+0 giant club (20)]
  8548 | D:11     | Killed a two-headed ogre
  8686 | D:11     | Found a staircase to the Orcish Mines.
  8758 | D:11     | Found Anwy's Assorted Antiques.
  8767 | D:11     | Bought a crude bone ring for 135 gold pieces
  8771 | D:11     | Identified the ring of Kuedas {*Drain rF++ Stlth-} (You
                  | bought it in a shop on level 11 of the Dungeon)
  8777 | D:11     | Bought a scroll labeled MEETI LAD EZUO for 27 gold pieces
  9226 | Lair:1   | Entered Level 1 of the Lair of Beasts
  9328 | Lair:1   | Reached skill level 13 in Long Blades
  9350 | Lair:1   | Reached skill level 10 in Fighting
  9378 | Lair:1   | You fall through a shaft!
  9407 | Lair:2   | Received a gift from Okawaru
  9684 | Lair:2   | Reached ****** piety under Okawaru
  9684 | Lair:2   | Reached skill level 10 in Armour
  9836 | Lair:2   | Reached XP level 12. HP: 93/107 MP: 11/11
  9904 | Lair:2   | Found a staircase to the Swamp.
  9991 | Lair:2   | Noticed a seven-headed hydra
 10000 | Lair:2   | Killed a nine-headed hydra
 10000 | Lair:2   | Reached skill level 14 in Long Blades
 10323 | Lair:2   | Found the +8 whip "Snakebite" {curare, rPois}
 11458 | Lair:3   | Received a gift from Okawaru
 11595 | Lair:3   | Found a glowing silver altar of Zin.
 11833 | Lair:3   | Reached skill level 5 in Dodging
 12515 | Lair:4   | Received a gift from Okawaru
 12521 | Lair:4   | Got a polished war axe
 12551 | Lair:4   | Noticed a four-headed hydra
 12610 | Lair:4   | Found a hole to the Spider Nest.
 12772 | Lair:4   | HP: 3/110 [15-headed hydra (3)]
 12776 | Lair:4   | Slain by a 17-headed hydra

Skill      XL: |  1  2  3  4  5  6  7  8  9 10 11 12 |
---------------+-------------------------------------+-----
Fighting       | 4 5 6 7 9 10 11 | 11.6
Shields        | 4 5 6 7 8 10 11 13 | 13.3
Armour         | 4 5 6 7 9 10 11 | 11.9
Long Blades    | 4 5 7 8 10 12 13 14 | 14.6
Dodging        | 1 2 3 4 5 |  5.1
Stealth        | 1 |  1.5
Invocations    | |  0.6

Action                   |  1- 3 |  4- 6 |  7- 9 | 10-12 || total
-------------------------+-------+-------+-------+-------++-------
Melee: Long sword        |    80 |   251 |   464 |   904 ||  1699
       Headbutt          |     8 |    24 |    97 |   248 ||   377
Invok: Heroism           |       |       |     3 |     6 ||     9
       Finesse           |       |       |       |     1 ||     1
Evoke: Wand              |       |       |       |     3 ||     3
  Use: Scroll            |       |       |     3 |    24 ||    27
       Potion            |       |       |     1 |     5 ||     6
  Eat: Chunk             |     1 |     5 |    15 |    23 ||    44
Armor: Scale mail        |    50 |   113 |    73 |       ||   236
       Plate armour      |       |       |    83 |   388 ||   471
Dodge: Dodged            |    30 |    76 |   117 |   265 ||   488
Block: Shield            |    58 |   146 |   228 |   626 ||  1058
       Rpst.: Long sword |     7 |    18 |    33 |    74 ||   132
